 Dungeon Crawl Stone Soup version 0.23.2-40-g277498a001 (webtiles) character file.

Game seed: 13601397696581712128

57729 Svampson the Severer (level 14, -5/132 HPs)
             Began as a Minotaur Berserker on Sept 6, 2019.
             Was a High Priest of Trog.
             Succumbed to a black mamba's poison
             ... on level 4 of the Lair of Beasts.
             The game lasted 01:26:52 (24053 turns).

Svampson the Severer (Minotaur Berserker)          Turns: 24053, Time: 01:26:53

Health: -5/132     AC: 26    Str: 25    XL:     14   Next: 46%
Magic:  4/4        EV: 15    Int:  4    God:    Trog [*****.]
Gold:   1360       SH:  0    Dex: 15    Spells: 13/13 levels left

rFire    . . .     SeeInvis .   S - +4 executioner's axe (antimagic)
rCold    . . .     Gourm    .   (shield currently unavailable)
rNeg     + . .     Faith    .   o - +4 plate armour
rPois    .         Spirit   .   (helmet restricted)
rElec    .         Reflect  .   l - +2 cloak {MR+}
rCorr    +         Harm     .   N - +1 pair of gloves {Str+3}
MR       ++++.                  (no boots)
Stlth    ..........             (no amulet)
HPRegen  1.32/turn              h - ring of positive energy
MPRegen  0.09/turn              y - ring of resist corrosion

@: lethally poisoned (-5 -> -53), very slightly contaminated, regenerating
A: retaliatory headbutt, horns 2
a: Berserk, Trog's Hand, Brothers in Arms, Renounce Religion


You were on level 4 of the Lair of Beasts.
You worshipped Trog.
Trog was extremely pleased with you.
You were very hungry.

You visited 5 branches of the dungeon, and saw 22 of its levels.
You also visited: Ossuary.

You collected 2001 gold pieces.
You spent 641 gold pieces at shops.

Inventory:

Hand Weapons
 b - a +3 war axe
 A - the +1 battleaxe of Cillustro {venom, +Rage rN++ Str+3 Stlth-}
   (Trog gifted it to you on level 9 of the Dungeon)

   It poisons the flesh of those it strikes.
   It affects your strength (+3).
   It greatly protects you from negative energy.
   It lets you go berserk.
   It makes you less stealthy.
 S - a +4 antimagic executioner's axe (weapon)
 U - a +2 antimagic battleaxe
 V - a +3 war axe
Armour
 l - a +2 cloak of magic resistance (worn)
 o - a +4 plate armour (worn)
 s - a scarf of resistance
 N - a +1 pair of gloves of strength (worn)
Jewellery
 h - a ring of positive energy (left hand)
 y - a ring of resist corrosion (right hand)
 G - an uncursed ring of poison resistance {unknown}
 K - a cursed ring of teleportation
 R - the ring of Woof {rC+ Dex+4, unknown}
   (You found it on level 12 of the Dungeon)

   [ring of protection from cold]

   It affects your dexterity (+4).
   It protects you from cold.
Wands
 f - a wand of iceblast (22)
 j - a wand of polymorph (17)
 v - a wand of clouds (9)
 L - a wand of random effects (29)
 O - a wand of acid (16)
 W - a wand of flame (14)
Scrolls
 d - 15 scrolls of remove curse
 e - 9 scrolls of fog
 i - 4 scrolls of magic mapping
 k - 8 scrolls of teleportation
 q - 2 scrolls of immolation
 w - 3 scrolls of amnesia
 B - 2 scrolls of holy word {unknown}
 C - 3 scrolls of fear
 F - a scroll of brand weapon {unknown}
 H - a scroll of noise {unknown}
 M - 2 scrolls of random uselessness
 P - a scroll of enchant weapon
 X - 4 scrolls of identify
 Y - a scroll of enchant armour
Potions
 a - 3 potions of degeneration
 g - a potion of might
 n - 5 potions of lignification
 p - 6 potions of haste {unknown}
 r - 5 potions of berserk rage
 t - 3 potions of agility
 u - 3 potions of magic {unknown}
 x - 2 potions of flight {unknown}
 z - 6 potions of curing {unknown}
 D - 4 potions of invisibility
 E - a potion of cancellation {unknown}
 I - 4 potions of heal wounds
 J - 3 potions of mutation {unknown}
 Q - 3 potions of ambrosia {unknown}
 Z - a potion of brilliance {unknown}
Comestibles
 c - 40 rations


   Skills:
 + Level 14.1 Fighting
 * Level 17.9 Axes
 + Level 13.8 Armour
 + Level 12.8 Dodging


You had 13 spell levels left.
You didn't know any spells.
Your spell library was empty.

Dungeon Overview and Level Annotations

Branches:
Dungeon (14/15)            Temple (1/1) D:4            Lair (4/6) D:9
 Shoals (0/4) Lair:2        Snake (1/4) Lair:4          Orc (2/2) D:11
    Elf (0/3) Orc:2        Vaults (0/5) D:14

Altars:
Ashenzari
Cheibriados
Dithmenos
Elyvilon
Fedhas
Gozag
Hepliaklqana
Kikubaaqudgha
Makhleb
Nemelex Xobeh
Okawaru
Qazlal
Ru
Sif Muna
Trog
Uskayaw
Vehumet
Wu Jian
Xom
Yredelemnul
Zin
The Shining One

Shops:
D:11 *   D:12 [   Orc:2 *([=


Innate Abilities, Weirdness & Mutations

You reflexively headbutt those who attack you in melee.
You have a pair of horns on your head.


Message History

You feel extremely sick.
Your ogre hits the naga mage with a cursed -3 giant club!
The black mamba bites you but does no damage.
The sea snake enters a dispersal trap!
The naga mage blinks!
Your ogre blinks!
The black mamba blinks!
The anaconda blinks!
The black mamba blinks! x2
The anaconda blinks!
You blink.
Found a scroll labeled KOTIFAS ATOCS.
You can't go up here!
Blink to where?
Press: ? - help, Dir - move target cursor
As you read the scroll of blinking, it crumbles to dust.
* * * LOW HITPOINT WARNING * * *
You feel extremely sick.
* * * LOW HITPOINT WARNING * * *
You feel extremely sick.
You hear a shout!
The black mamba bites you but does no damage.
The black mamba barely misses you.
You climb upwards.
Welcome back to the Lair of Beasts!
You die...

#P.......................
##...##..####...P..##.##.
#..####### #....######..
#..# ##...## ##. ##.#
#....# ###. #.### #....#
#.P. #.#.########...##
#... ##...............##
###.
#.......@.......#.####P..
##.......................
##.......................
#...............###P#....
#..............## #######
#...............##### #
#...............#...#####
#P.########..............
##..# #...........##P.


There were no monsters in sight!

Vanquished Creatures
  Josephine (D:11)
  2 vault guards (D:14)
  Harold (D:7)
  4 hydras
  A catoblepas (D:12)
  2 centaur warriors
  2 anacondas (Snake:1)
  4 two-headed ogres
  A death knight (D:13)
  3 orc high priests (Orc:2)
  A tengu warrior (D:13)
  Sonja (Lair:3)
  Nergalle (D:11)
  A sea snake (Snake:1)
  A lindwurm (Lair:4)
  An orc knight (Orc:1)
  2 orc sorcerers (Orc:1)
  2 cyclopes
  6 ugly things
  3 black mambas (Snake:1)
  4 spiny frogs
  5 gargoyles
  A kobold demonologist (D:13)
  5 demonic crawlers (D:14)
  2 komodo dragons
  2 tengu conjurers (D:13)
  A queen bee (Lair:1)
  5 blink frogs (Lair:4)
  5 slime creatures (D:14)
  Prince Ribbit (D:8)
  12 hippogriffs
  5 wraiths
  17 yaks
  4 basilisks
  2 wyverns (Lair:4)
  10 humans (D:14)
  A warg (Orc:1)
  2 nagas (Snake:1)
  4 water moccasins
  10 porcupines
  3 ice beasts
  3 sky beasts
  25 orc warriors
  7 black bears
  A necrophage (D:10)
  An eye of draining (D:13)
  10 ogres
  9 wolves
  An eye of draining (shapeshifter) (D:13)
  2 phantoms
  6 centaurs
  11 crocodiles
  3 big kobolds
  A wyvern zombie (D:13)
  14 bullfrogs
  A gnoll sergeant (D:9)
  An elf skeleton (D:8)
  4 scorpions
  20 killer bees
  14 wights
  4 howler monkeys
  2 electric eels
  3 crimson imps
  5 bullfrog zombies
  4 centaur zombies
  7 hounds
  4 quasits
  A human zombie (D:8)
  5 bullfrog skeletons
  9 centaur skeletons
  24 orc wizards
  3 human skeletons (D:8)
  30 orc priests
  3 gnoll shamans
  3 jellies
  3 iguanas
  8 worker ants
  A hound skeleton (D:7)
  4 hound zombies
  14 mummies (Ossuary)
  Robin (D:4)
  7 adders
  22 gnolls
  5 shadow imps
  3 oozes
  3 adder zombies (Ossuary)
  2 worms (D:4)
  A dart slug (D:2)
  7 leopard geckos
  108 orcs
  10 bats
  4 giant cockroaches
  16 goblins
  7 hobgoblins
  9 jackals
  17 kobolds
  2 quokkas
  3 ball pythons
  6 frilled lizards
  A giant cockroach zombie (Ossuary)
  A jackal skeleton (D:4)
  A leopard gecko skeleton (D:6)
  A leopard gecko zombie (D:6)
  An orc zombie (D:8)
  2 quokka skeletons
  2 quokka zombies (Ossuary)
  4 rats (D:1)
  A fungus (Lair:4)
659 creatures vanquished.

Vanquished Creatures (collateral kills)
  2 catoblepae
  A death knight (D:13)
  Urug (D:11)
  An orc high priest (Orc:2)
  An orc sorcerer (Orc:2)
  A deep elf mage (D:8)
  An ugly thing (D:14)
  Maurice (D:8)
  A yak (Lair:3)
  An orc warrior (Orc:2)
  A bullfrog (D:14)
  4 killer bees (Lair:1)
  2 orc priests (Orc:2)
  3 orc wizards
  An adder (Snake:1)
  3 orcs
25 creatures vanquished.

Vanquished Creatures (others)
  An orc (Orc:1)
  3 fungi
  5 plants
  A withered plant (Ossuary)
10 creatures vanquished.

Grand Total: 694 creatures vanquished

Notes
Turn   | Place    | Note
-------+----------+-------------------------------------------
     0 | D:1      | Svampson the Minotaur Berserker began the quest for the
                  | Orb.
     0 | D:1      | Reached XP level 1. HP: 19/19 MP: 0/0
   175 | D:1      | Reached XP level 2. HP: 27/27 MP: 1/1
   408 | D:1      | Reached skill level 4 in Axes
   637 | D:1      | Reached XP level 3. HP: 30/33 MP: 2/2
  1042 | D:2      | Reached ** piety under Trog
  2052 | D:3      | Reached XP level 4. HP: 41/41 MP: 3/3
  2347 | D:3      | Found a stormy altar of Qazlal.
  2387 | D:3      | Found a radiant altar of Vehumet.
  2387 | D:3      | Found a glowing golden altar of the Shining One.
  2392 | D:3      | Found a glowing silver altar of Zin.
  2394 | D:3      | Found an ornate altar of the Wu Jian Council.
  2395 | D:3      | Found a faded altar of an unknown god.
  2830 | D:4      | Noticed Robin
  2842 | D:4      | Killed Robin
  2842 | D:4      | Reached *** piety under Trog
  2842 | D:4      | Reached XP level 5. HP: 47/47 MP: 4/4
  3065 | D:4      | Noticed an ogre
  3093 | D:5      | Entered Level 5 of the Dungeon
  3097 | D:5      | Killed an ogre
  3097 | D:5      | Reached skill level 5 in Fighting
  3097 | D:5      | Reached skill level 5 in Axes
  3210 | D:4      | Reached XP level 6. HP: 56/56 MP: 5/5
  3398 | D:4      | Found a snail-covered altar of Cheibriados.
  3797 | D:4      | Found a staircase to the Ecumenical Temple.
  4022 | D:5      | Reached skill level 5 in Armour
  4024 | D:5      | Reached XP level 7. HP: 55/62 MP: 6/6
  4161 | D:5      | Found an opulent altar of Gozag.
  4474 | D:5      | Reached skill level 6 in Axes
  4849 | D:6      | Reached skill level 5 in Dodging
  5069 | D:6      | Reached XP level 8. HP: 61/71 MP: 7/7
  5270 | D:6      | Found a hazy altar of Hepliaklqana.
  5430 | D:6      | Reached skill level 7 in Axes
  5728 | D:7      | Noticed Harold
  5744 | D:7      | Killed Harold
  5744 | D:7      | Reached skill level 8 in Axes
  5744 | D:7      | Reached XP level 9. HP: 66/81 MP: 8/8
  6046 | D:7      | Reached **** piety under Trog
  6327 | D:7      | Reached skill level 9 in Axes
  6821 | D:8      | Noticed Maurice
  6974 | D:8      | Reached skill level 10 in Axes
  7052 | D:8      | Killed Maurice
  7102 | D:8      | Received a gift from Trog
  7143 | D:8      | Reached XP level 10. HP: 82/91 MP: 9/9
  7330 | D:8      | Found a sand-covered staircase.
  7337 | Ossuary  | Entered an ossuary
  7404 | Ossuary  | Reached ***** piety under Trog
  8086 | D:8      | Noticed a deep elf mage
  8092 | D:8      | Killed a deep elf mage
  8092 | D:8      | Reached skill level 11 in Axes
  8149 | D:8      | Noticed Prince Ribbit
  8169 | D:8      | Killed Prince Ribbit
  8169 | D:8      | Received a gift from Trog
  8359 | D:8      | Found a white marble altar of Elyvilon.
  8969 | D:9      | Received a gift from Trog
  8970 | D:9      | Got a scorched battleaxe {god gift}
  8971 | D:9      | Identified the +1 battleaxe of Cillustro {venom, +Rage rN++
                  | Str+3 Stlth-} (Trog gifted it to you on level 9 of the
                  | Dungeon)
  9232 | D:9      | Reached skill level 10 in Fighting
  9238 | D:9      | Found a staircase to the Lair.
  9502 | Lair:1   | Entered Level 1 of the Lair of Beasts
  9508 | Lair:1   | Reached skill level 12 in Axes
  9651 | Lair:1   | Noticed an eight-headed hydra
 10134 | Lair:1   | Reached XP level 11. HP: 73/100 MP: 10/10
 10528 | Lair:1   | Reached skill level 10 in Armour
 10856 | D:10     | Entered Level 10 of the Dungeon
 11235 | D:10     | Found a bloodstained altar of Trog.
 11285 | D:10     | Identified the +0 robe "Leick" {rC+ Dex+7}
 11287 | D:10     | Noticed a two-headed ogre
 11293 | D:10     | Killed a two-headed ogre
 11293 | D:10     | Received a gift from Trog
 11293 | D:10     | Reached skill level 13 in Axes
 11866 | D:10     | Noticed a two-headed ogre
 11872 | D:10     | Killed a two-headed ogre
 12219 | D:11     | Noticed Josephine
 12362 | D:11     | Noticed a two-headed ogre
 12404 | D:11     | Noticed a brown ugly thing
 12409 | D:11     | Noticed Nergalle
 12409 | D:11     | Noticed Urug
 12425 | D:10     | Killed a brown ugly thing
 12617 | D:11     | Received a gift from Trog
 12624 | D:11     | Killed a two-headed ogre
 12624 | D:11     | Reached skill level 10 in Dodging
 12957 | D:11     | Killed Urug
 13426 | D:11     | Found a staircase to the Orcish Mines.
 13439 | D:11     | Killed Nergalle
 13444 | D:11     | Reached skill level 14 in Axes
 13444 | D:11     | Reached XP level 12. HP: 110/110 MP: 11/11
 13593 | D:11     | Killed Josephine
 13659 | D:11     | Found Huacso's Island Escapes.
 14019 | D:12     | Noticed a catoblepas
 14031 | D:12     | Killed a catoblepas
 14176 | D:12     | Found Uniqat's Antique Armour Boutique.
 14182 | D:12     | Bought a pair of runed gloves for 232 gold pieces
 14211 | D:12     | Noticed a centaur warrior
 14214 | D:12     | Noticed a two-headed ogre
 14221 | D:12     | Killed a centaur warrior
 14222 | D:12     | Killed a two-headed ogre
 14425 | D:12     | Got a vibrating amber ring
 14541 | D:12     | Found a blossoming altar of Fedhas.
 14587 | D:13     | Noticed a tengu warrior
 14611 | D:13     | Killed a tengu warrior
 14612 | D:13     | Received a gift from Trog
 14713 | D:13     | Noticed a catoblepas
 14737 | D:13     | Killed a catoblepas
 14737 | D:13     | Reached skill level 15 in Axes
 15553 | D:13     | Noticed a death knight
 15563 | D:13     | Killed a death knight
 15643 | D:13     | Noticed a death knight
 15694 | D:13     | Killed a death knight
 15933 | D:13     | Noticed a centaur warrior
 15940 | D:13     | Killed a centaur warrior
 16196 | D:14     | Reached XP level 13. HP: 119/119 MP: 4/12
 16509 | D:14     | Reached skill level 16 in Axes
 17130 | D:14     | Found a gate to the Vaults.
 17848 | Orc:1    | Entered Level 1 of the Orcish Mines
 18689 | Orc:2    | Entered Level 2 of the Orcish Mines
 18720 | Orc:2    | Found a staircase to the Elven Halls.
 18994 | Orc:2    | Received a gift from Trog
 19133 | Orc:2    | Reached skill level 17 in Axes
 19595 | Orc:2    | Found Kuaps's Jewellery Boutique.
 19595 | Orc:2    | Found Keguez's Armour Boutique.
 19598 | Orc:2    | Found Keteelixy's Assorted Antiques.
 19600 | Orc:2    | Found Ykhlilurgh's Antique Weapon Shop.
 19615 | Orc:2    | Bought a glowing war axe for 162 gold pieces
 19618 | Orc:2    | Bought a scroll of enchant armour for 195 gold pieces
 19618 | Orc:2    | Bought a scroll of identify for 52 gold pieces
 20115 | Temple   | Entered the Ecumenical Temple
 20342 | Lair:1   | Received a gift from Trog
 21028 | Lair:2   | Reached XP level 14. HP: 106/129 MP: 4/13
 21379 | Lair:2   | Found a staircase to the Shoals.
 21865 | Lair:3   | Noticed Sonja
 22652 | Lair:3   | You fall through a shaft!
 22782 | Lair:3   | Killed Sonja
 23542 | Lair:4   | Found a staircase to the Snake Pit.
 23994 | Snake:1  | Entered Level 1 of the Snake Pit
 24052 | Snake:1  | HP: 3/132 [poisoned by a black mamba]
 24053 | Lair:4   | Succumbed to a black mamba's poison

Skill      XL: |  1  2  3  4  5  6  7  8  9 10 11 12 13 14 |
---------------+-------------------------------------------+-----
Fighting       | 4 5 6 7 9 10 11 12 13 14 | 14.1
Axes           | 4 5 6 8 10 12 14 15 17 | 17.9
Armour         | 3 4 5 6 7 8 9 11 12 13 | 13.8
Dodging        | 3 4 5 6 7 9 10 11 12 | 12.8

Action                   |  1- 3 |  4- 6 |  7- 9 | 10-12 | 13-15 || total
-------------------------+-------+-------+-------+-------+-------++-------
Melee: Hand axe          |    98 |     9 |       |       |       ||   107
       Headbutt          |    12 |    19 |    54 |   160 |   130 ||   375
       War axe           |       |    86 |   271 |   259 |       ||   616
       Battleaxe         |       |       |       |   327 |       ||   327
       Executioner's axe |       |       |       |    89 |   472 ||   561
Invok: Berserk           |       |     2 |     4 |     7 |     2 ||    15
       Trog's Hand       |       |       |     1 |     1 |     1 ||     3
       Brothers in Arms  |       |       |     1 |     6 |     6 ||    13
  Use: Scroll            |     1 |     6 |       |    19 |     4 ||    30
       Potion            |       |       |       |       |     3 ||     3
 Stab: Distracted        |       |       |       |     1 |     1 ||     2
  Eat: Chunk             |     4 |     8 |     9 |    22 |     9 ||    52
       Ration            |       |       |     2 |     5 |     5 ||    12
Armor: Animal skin       |     7 |       |       |       |       ||     7
       Ring mail         |    20 |    21 |    25 |       |       ||    66
       Plate armour      |       |       |    81 |   437 |   396 ||   914
       Scale mail        |       |       |    15 |       |       ||    15
Dodge: Dodged            |    74 |    54 |   143 |   410 |   476 ||  1157
